[Event "November 21 Late 2023"]
[Site "https://www.chess.com"]
[Date "2023.11.21"]
[Round "6"]
[White "Vafin, Ayrat"]
[Black "ilya2700"]
[Result "1-0"]
[Board "68"]
[TimeControl "180+1"]
[WhiteFideId "4146530"]
[WhiteElo "2317"]
[BlackElo "2248"]
[WhiteTeam "RUS"]
[WhiteClock "0:00:40"]
[BlackClock "0:00:00"]

1. Nf3 Nf6 2. g3 d5 3. Bg2 e6 4. c4 Be7 5. O-O O-O 6. b3 Nbd7 7. Bb2 b6 8. e3 Bb7 9. Qe2 c5 10. Nc3 Rc8 11. Rfd1 Re8 12. cxd5 exd5 13. d4 cxd4 14. Nxd4 Bb4 15. Rac1 Nc5 16. Ncb5 a6 17. Na7 Rc7 18. a3 Ba5 19. b4 Ba8 20. bxa5 Rxa7 21. axb6 Qxb6 22. Nf5 Nce4 23. Bd4 Qe6 24. Bxa7 Qxf5 25. Bd4 h6 26. Rc7 Nd6 27. Bxf6 Qxf6 28. Qxa6 Ne4 29. Qxf6 Nxf6 30. Rdc1 Kh7 31. Rc8 Bb7 32. Rxe8 Nxe8 33. a4 Nd6 34. Rc7 Ba6 35. Rc6 1-0

[Event "November 21 Late 2023"]
[Site "https://www.chess.com"]
[Date "2023.11.21"]
[Round "6"]
[White "Saim, Mohamed Ilias"]
[Black "Pinto, Daniel"]
[Result "0-1"]
[Board "69"]
[TimeControl "180+1"]
[WhiteFideId "7900465"]
[BlackFideId "3303144"]
[WhiteElo "2063"]
[BlackElo "2149"]
[WhiteTeam "ALG"]
[BlackTeam "BOL"]
[WhiteClock "0:00:00"]
[BlackClock "0:00:21"]

1. d4 Nf6 2. Bg5 d5 3. Bxf6 exf6 4. e3 c5 5. c3 Nc6 6. Nf3 Qb6 7. Qc1 Bf5 8. Nbd2 cxd4 9. exd4 O-O-O 10. Be2 Re8 11. Nf1 Bd3 12. Ne3 Bxe2 13. Kxe2 Bd6 14. Rd1 Bf4 15. Kf1 Bxe3 16. fxe3 Re7 17. c4 Qa6 18. b3 Rhe8 19. Re1 dxc4 20. bxc4 Na5 21. Nd2 Rxe3 22. Rxe3 Rxe3 23. Kg1 Qd6 24. d5 Qc5 25. Kh1 Re2 26. Nb3 Qf2 27. Qg1 Qxg1+ 28. Kxg1 Nxc4 29. Rc1 b5 30. Na5 Re4 31. a4 Kd7 32. Nb7 Rd4 33. axb5 Nb2 34. d6 Rd1+ 35. Rxd1 Nxd1 36. Kf1 Nc3 37. Kf2 Nxb5 38. Nc5+ Kxd6 39. Nd3 a5 40. Nb2 Kd5 41. Ke3 Nd6 42. g3 Nc4+ 0-1

[Event "November 21 Late 2023"]
[Site "https://www.chess.com"]
[Date "2023.11.21"]
[Round "6"]
[White "Yushko, Olga"]
[Black "Van Dael, Siem"]
[Result "0-1"]
[Board "70"]
[TimeControl "180+1"]
[WhiteFideId "14114500"]
[BlackFideId "1049771"]
[WhiteElo "2028"]
[BlackElo "2252"]
[WhiteTeam "UKR"]
[BlackTeam "NED"]
[WhiteClock "0:01:22"]
[BlackClock "0:00:49"]

1. d4 Nf6 2. c4 g6 3. Nf3 Bg7 4. Nc3 d6 5. Bg5 O-O 6. e3 c5 7. Be2 b6 8. O-O Bb7 9. Qc2 h6 10. Bh4 Nbd7 11. Rfd1 Rc8 12. Rac1 a6 13. a3 cxd4 14. exd4 d5 15. cxd5 Nxd5 16. Qb3 Nf4 17. Bf1 b5 18. Ne5 g5 19. Bg3 Ne6 20. Nxd7 Qxd7 21. Be5 Bxe5 22. dxe5 Qc6 23. Nd5 Qxd5 24. Rxd5 Bxd5 25. Qxd5 Rxc1 26. g3 Rd8 27. Qb7 Rdd1 28. Kg2 Rxf1 29. Qxa6 g4 30. f3 gxf3+ 31. Kh3 f2 32. Qa8+ Kg7 33. Qf3 Ng5+ 0-1

[Event "November 21 Late 2023"]
[Site "https://www.chess.com"]
[Date "2023.11.21"]
[Round "6"]
[White "BardArtem"]
[Black "a-z30"]
[Result "1-0"]
[Board "71"]
[TimeControl "180+1"]
[WhiteElo "2777"]
[BlackElo "2491"]
[WhiteClock "0:00:17"]
[BlackClock "0:00:00"]

1. e4 d6 2. d4 Nf6 3. Nc3 g6 4. Nf3 Bg7 5. h3 O-O 6. Be3 Nc6 7. Bc4 Nxe4 8. Nxe4 d5 9. Bd3 dxe4 10. Bxe4 e5 11. Bxc6 bxc6 12. dxe5 Bf5 13. Nd4 Be4 14. Qg4 Bd5 15. O-O-O h5 16. Qg3 Qe7 17. Bf4 Bxa2 18. Nxc6 Qc5 19. Nd4 Rab8 20. Qa3 Qxa3 21. bxa3 Bd5 22. f3 Rb7 23. Nf5 Ba2 24. Ne7+ Kh7 25. Nd5 Rfb8 26. Nc3 Bc4 27. Rhe1 c6 28. Re4 Be6 29. Be3 Rb2 30. Bc5 Bf5 31. Re2 R8b7 32. Bb4 R2xb4 33. axb4 Rxb4 34. Ne4 Rc4 35. Nd6 Rc5 36. Nxf5 gxf5 37. Rd7 Kg6 38. e6 1-0

[Event "November 21 Late 2023"]
[Site "https://www.chess.com"]
[Date "2023.11.21"]
[Round "6"]
[White "Osmak, Yuliia"]
[Black "Rosen, Eric"]
[Result "1/2-1/2"]
[Board "72"]
[TimeControl "180+1"]
[WhiteFideId "14101602"]
[BlackFideId "2032562"]
[WhiteElo "2303"]
[BlackElo "2346"]
[WhiteTeam "UKR"]
[BlackTeam "USA"]
[WhiteClock "0:00:07"]
[BlackClock "0:00:04"]

1. e4 e5 2. Nf3 Nf6 3. Nc3 Bc5 4. Nxe5 Nc6 5. Nd3 Bd4 6. Be2 d6 7. O-O h5 8. Bf3 Ng4 9. Ne2 Qh4 10. h3 Bb6 11. b4 Nce5 12. Nxe5 Nxf2 13. Rxf2 Qxf2+ 14. Kh2 dxe5 15. Bb2 Bg4 16. Nc3 Bxf3 17. Qxf3 Qxf3 18. gxf3 c6 19. Ne2 f6 20. d3 a5 21. Bc3 Bc7 22. a3 b5 23. Rg1 g5 24. Ng3 Bb6 25. Rb1 axb4 26. Bxb4 Kd7 27. Nf5 Ba5 28. Bc5 Bd2 29. Be7 Bf4+ 30. Kg2 Ke6 31. Rb3 Bc1 32. Bb4 Rhg8 33. Rc3 Ra6 34. Ne7 Re8 35. Nxc6 Bd2 36. Rc5 Bxb4 37. Nxb4 Rb6 38. Nd5 Reb8 39. Nxb6 Rxb6 40. Kf2 Kf7 41. Ke3 Kg6 42. c3 Ra6 43. Rxb5 Rxa3 44. c4 Ra1 45. Rb2 Rh1 46. Rc2 Kf7 47. c5 Ke7 48. c6 Kd8 49. c7+ Kc8 50. d4 exd4+ 51. Kxd4 Rxh3 52. Rc3 g4 53. fxg4 Rxc3 54. Kxc3 hxg4 55. Kd4 Kxc7 56. Ke3 Kd6 57. Kf4 g3 58. Kxg3 Ke5 59. Kf3 Kd4 60. Kf4 Kd3 61. Kf5 Kd4 62. Kf4 Kd3 63. Kf5 Ke3 64. Kxf6 Kxe4 1/2-1/2

[Event "November 21 Late 2023"]
[Site "https://www.chess.com"]
[Date "2023.11.21"]
[Round "6"]
[White "Hansen, Sune Berg"]
[Black "Przybylski, Wojciech"]
[Result "0-1"]
[Board "73"]
[TimeControl "180+1"]
[WhiteFideId "1400266"]
[BlackFideId "1117599"]
[WhiteElo "2704"]
[BlackElo "2203"]
[WhiteTeam "DEN"]
[BlackTeam "POL"]
[WhiteClock "0:02:24"]
[BlackClock "0:01:29"]

1. e4 e5 2. Nf3 Nc6 3. Bc4 Nf6 4. d3 Bc5 5. O-O h6 6. c3 O-O 7. Re1 Re8 8. Bb3 d6 9. h3 a5 10. Nbd2 Ba7 11. Nf1 Ne7 12. Ng3 c6 13. d4 Qc7 14. Be3 b5 15. Bc2 a4 16. Qd2 Bb7 17. Bxh6 Ng6 18. Nf5 Nh5 19. Qg5 gxh6 20. Qxh5 Qd8 21. Qh4 Nxh4 0-1

[Event "November 21 Late 2023"]
[Site "https://www.chess.com"]
[Date "2023.11.21"]
[Round "6"]
[White "Gubajdullin, Alexei"]
[Black "liwadas82"]
[Result "1-0"]
[Board "75"]
[TimeControl "180+1"]
[WhiteFideId "4141202"]
[WhiteElo "2280"]
[BlackElo "2457"]
[WhiteTeam "RUS"]
[WhiteClock "0:00:07"]
[BlackClock "0:00:00"]

1. d4 Nf6 2. Nf3 e6 3. Bf4 b6 4. e3 Be7 5. h3 O-O 6. Bd3 Ba6 7. O-O Bxd3 8. cxd3 Bd6 9. Bxd6 cxd6 10. Nc3 d5 11. Nb5 a6 12. Qa4 Nc6 13. Nc3 b5 14. Qd1 Qb6 15. Ne2 Rfc8 16. g4 a5 17. Nf4 a4 18. g5 Ne8 19. h4 a3 20. Rb1 axb2 21. Rxb2 Ra3 22. h5 Rca8 23. g6 fxg6 24. hxg6 h6 25. Qb1 b4 26. Ne5 Nxe5 27. dxe5 Qd8 28. d4 Qg5+ 29. Kh2 Qh4+ 30. Nh3 d6 31. Rxb4 dxe5 32. dxe5 Qh5 33. Qb2 Rxa2 34. Qd4 Qxg6 35. Rg1 Qf5 36. Rg2 g5 37. Qc3 Ng7 38. Rbg4 R2a3 39. Qc7 R3a7 40. Qc1 Qxe5+ 41. f4 Qd6 42. Qc3 Ra3 43. Qf6 Rxe3 44. Qxh6 Raa3 45. Nxg5 Kf8 46. Qh8+ Ke7 47. Qxg7+ Kd8 48. Qh8+ Kc7 49. Rc2+ Kb6 50. Qc8 e5 51. Rg1 exf4 52. Rb1+ Rab3 53. Rxb3+ Rxb3 54. Nf7 Qe7 55. Qc6+ Ka5 56. Ra2+ Ra3 57. Qa8+ Kb5 58. Qxa3 Qh4+ 59. Kg1 1-0

[Event "November 21 Late 2023"]
[Site "https://www.chess.com"]
[Date "2023.11.21"]
[Round "6"]
[White "Gurevich, Dmitry"]
[Black "Bjelobrk, Igor"]
[Result "0-1"]
[Board "76"]
[TimeControl "180+1"]
[WhiteFideId "2000407"]
[BlackFideId "4300726"]
[WhiteElo "2506"]
[BlackElo "2319"]
[WhiteTeam "USA"]
[BlackTeam "AUS"]
[WhiteClock "0:00:00"]
[BlackClock "0:00:17"]

1. d4 e6 2. c4 b6 3. a3 Bb7 4. Nc3 f5 5. d5 Nf6 6. g3 Na6 7. b4 c5 8. b5 Nc7 9. Bg2 Bd6 10. Nh3 Be5 11. Bb2 exd5 12. Nf4 Bxf4 13. gxf4 Rb8 14. cxd5 O-O 15. O-O d6 16. Qd3 Qd7 17. a4 Rbe8 18. e3 Ne4 19. Rfd1 Qf7 20. Nxe4 fxe4 21. Bxe4 Rxe4 22. Qxe4 Nxd5 23. f5 Nc3 24. Qe6 Nxd1 25. Rxd1 d5 26. f3 Qxe6 27. fxe6 Rxf3 28. Be5 Rxe3 29. Bb8 Rxe6 30. Bxa7 d4 31. Kf2 Be4 32. a5 bxa5 33. Bxc5 d3 34. b6 Re5 35. Bd4 Rb5 36. Ke3 Bf5 37. Rc1 g6 38. Rc7 h5 39. Ra7 d2 40. Kxd2 Be4 41. Ke3 Bd5 42. Kf4 Kf8 43. Ke5 Ke8 44. Kd6 g5 45. Bf6 g4 0-1

[Event "November 21 Late 2023"]
[Site "https://www.chess.com"]
[Date "2023.11.21"]
[Round "6"]
[White "De La Colina, Nicolas"]
[Black "YouShallNotPass001"]
[Result "1-0"]
[Board "77"]
[TimeControl "180+1"]
[WhiteFideId "30946921"]
[WhiteElo "2088"]
[BlackElo "2443"]
[WhiteTeam "USA"]
[WhiteClock "0:01:41"]
[BlackClock "0:01:56"]

1. e4 c5 2. Nc3 g6 3. d4 cxd4 4. Qxd4 Nf6 5. Nf3 Nc6 6. Qa4 d6 7. e5 dxe5 8. Nxe5 Bd7 9. Nxd7 Qxd7 10. Bf4 Bg7 11. Rd1 Qf5 12. Bd3 Qg4 13. O-O O-O 14. h3 Qh5 15. Rfe1 Rfd8 16. Be2 Qf5 17. Bf3 Nd4 18. Rxd4 Rxd4 19. Qxd4 Nh5 20. Be5 Qxc2 21. Bxh5 Bxe5 22. Qxe5 1-0

[Event "November 21 Late 2023"]
[Site "https://www.chess.com"]
[Date "2023.11.21"]
[Round "6"]
[White "Van Osch, Mees"]
[Black "Ambartsumova, Karina"]
[Result "0-1"]
[Board "78"]
[TimeControl "180+1"]
[WhiteFideId "1035967"]
[BlackFideId "4166299"]
[WhiteElo "2324"]
[BlackElo "2240"]
[WhiteTeam "NED"]
[BlackTeam "RUS"]
[WhiteClock "0:00:07"]
[BlackClock "0:00:12"]

1. e4 e5 2. Nf3 Nc6 3. Bb5 Nf6 4. O-O Nxe4 5. d4 Nd6 6. dxe5 Nxb5 7. a4 Nbd4 8. Nxd4 Nxd4 9. Qxd4 Be7 10. Nc3 O-O 11. Bf4 b6 12. Rad1 Bc5 13. Qd5 Rb8 14. Rfe1 Qe7 15. Ne4 h6 16. c3 a5 17. Rd3 Rd8 18. Rg3 Bb7 19. Qd2 Bxe4 20. Rxe4 Kh7 21. Qd3 Kh8 22. h3 Qe6 23. Bd2 Rg8 24. Kh2 d6 25. exd6 Qxd6 26. Qxd6 Bxd6 27. Bf4 Bxf4 28. Rxf4 f6 29. Rc4 c5 30. Re3 Rge8 31. Rce4 Rxe4 32. Rxe4 b5 33. b3 c4 34. bxc4 bxa4 35. Re7 Ra8 36. Re2 Rc8 37. Re4 a3 38. c5 Rxc5 39. Ra4 Rxc3 40. Rxa5 Kh7 41. g3 Rc2 42. Kg2 a2 43. h4 Kg6 44. Kf3 h5 45. Ke3 Kf7 46. f3 Ke6 47. Kf4 Kd6 48. Ke3 Kc6 49. Kd3 Rg2 50. Ra7 Rxg3 51. Rxa2 Rxf3+ 52. Ke4 Rh3 53. Ra7 Rxh4+ 54. Kf5 Rg4 55. Re7 Kd6 56. Re1 Rg5+ 57. Kf4 Kd7 58. Re2 Kd6 59. Re8 Re5 60. Rf8 g5+ 61. Kf3 Ke7 62. Rh8 h4 63. Rh7+ Ke6 64. Rh8 Kf5 65. Ra8 Rb5 66. Ra3 g4+ 67. Kg2 Kg5 68. Rc3 Rb2+ 69. Kh1 f5 70. Rc1 g3 71. Rg1 Rh2# 0-1

[Event "November 21 Late 2023"]
[Site "https://www.chess.com"]
[Date "2023.11.21"]
[Round "6"]
[White "jactorres"]
[Black "Deng, Henry"]
[Result "1-0"]
[Board "79"]
[TimeControl "180+1"]
[BlackFideId "30965454"]
[WhiteElo "2432"]
[BlackElo "2564"]
[BlackTeam "USA"]
[WhiteClock "0:01:05"]
[BlackClock "0:00:10"]

1. e4 c5 2. Nf3 e6 3. d4 cxd4 4. Nxd4 Nf6 5. Nc3 Nc6 6. Ndb5 Bc5 7. Bf4 O-O 8. Bc7 Qe7 9. Bd6 Bxd6 10. Qxd6 Qd8 11. O-O-O a6 12. Nd4 Ne7 13. e5 Ne8 14. Qa3 Ng6 15. Nf3 Rb8 16. h4 h6 17. h5 Ne7 18. Ne4 b5 19. Qd3 Nd5 20. Qd2 Bb7 21. Bd3 Rc8 22. g4 d6 23. g5 hxg5 24. h6 g6 25. Nexg5 dxe5 26. Nxe5 Nd6 27. h7+ Kg7 28. Bxg6 Rh8 29. Bxf7 Qf6 30. Nxe6+ Qxe6 31. Bxe6 1-0

[Event "November 21 Late 2023"]
[Site "https://www.chess.com"]
[Date "2023.11.21"]
[Round "6"]
[White "Maect19"]
[Black "Omariev, Maksim"]
[Result "0-1"]
[Board "81"]
[TimeControl "180+1"]
[BlackFideId "4193423"]
[WhiteElo "2352"]
[BlackElo "2519"]
[BlackTeam "RUS"]
[WhiteClock "0:00:03"]
[BlackClock "0:00:01"]

1. d4 h5 2. Nf3 h4 3. h3 e6 4. c3 d5 5. Bf4 c5 6. e3 Nc6 7. Nbd2 Qb6 8. Qb3 c4 9. Qxb6 axb6 10. a3 b5 11. Rc1 f6 12. Be2 g5 13. Bh2 Bd7 14. O-O Nh6 15. e4 Kf7 16. Ne1 f5 17. exd5 exd5 18. Bf3 Be6 19. Nc2 f4 20. Rfe1 Bd6 21. Bd1 Nf5 22. Nf3 Kf6 23. Nd2 Bf7 24. Bg4 Rhe8 25. Bxf5 Kxf5 26. f3 Bg6 27. Kf1 Kf6 28. Rxe8 Rxe8 29. Re1 Ne7 30. Rc1 Bd3+ 31. Kg1 Nf5 32. Nf1 Re2 33. Ne1 Rxb2 34. Nxd3 cxd3 35. Rd1 Ne3 36. Re1 Nxf1 37. Kxf1 Rc2 38. Bg1 Bxa3 39. Rd1 Rxc3 40. Bf2 b4 41. Be1 Rb3 42. Bd2 Bb2 43. Ke1 Bxd4 44. Bc1 Be3 45. Bd2 d4 46. Rc1 Rb2 47. Bxb4 Rxb4 48. Kf1 Bxc1 0-1

[Event "November 21 Late 2023"]
[Site "https://www.chess.com"]
[Date "2023.11.21"]
[Round "6"]
[White "The_Straightforward_Rook"]
[Black "Bugayev, Vladimir"]
[Result "1-0"]
[Board "82"]
[TimeControl "180+1"]
[BlackFideId "30901480"]
[WhiteElo "2517"]
[BlackElo "2380"]
[BlackTeam "USA"]
[WhiteClock "0:00:37"]
[BlackClock "0:00:00"]

1. e4 c6 2. Nc3 d5 3. Nf3 dxe4 4. Nxe4 Nf6 5. Qe2 Nxe4 6. Qxe4 Qa5 7. Bc4 Bf5 8. Qe2 e6 9. O-O Be7 10. d4 Nd7 11. Bd2 Qd8 12. a4 a5 13. c3 O-O 14. h3 Nb6 15. Bd3 Bxd3 16. Qxd3 c5 17. Qb5 c4 18. Rfe1 Qc7 19. Ne5 Bd6 20. Re4 Bxe5 21. Rxe5 Nd5 22. Rae1 Qc6 23. f4 Qxb5 24. axb5 g6 25. g4 Rad8 26. f5 exf5 27. gxf5 f6 28. Re6 Kf7 29. fxg6+ hxg6 30. Kf2 Rh8 31. Kg3 Rhe8 32. Rxe8 Rxe8 33. Ra1 Re2 34. Be1 b6 35. Rb1 g5 36. Bf2 f5 37. Kf3 Rc2 38. Re1 Rxb2 39. Re5 Ne7 40. d5 g4+ 41. hxg4 fxg4+ 42. Kg3 Rd2 43. Bd4 Nxd5 44. Rxd5 a4 45. Rd6 a3 46. Rxb6 a2 47. Ra6 Rb2 48. b6 Ke6 49. Kxg4 Kd7 50. Kf3 Kc6 51. Ke3 Kb7 52. Ra7+ Kb8 53. Ra4 Kb7 54. Ke4 Kc6 55. Ke5 Re2+ 56. Kf4 Rb2 57. Ra7 Kb5 58. b7 Kc6 59. Ke4 Rxb7 60. Rxa2 1-0

[Event "November 21 Late 2023"]
[Site "https://www.chess.com"]
[Date "2023.11.21"]
[Round "6"]
[White "Seletsky, Grigory"]
[Black "Feliz Dotel, Dewar Bienvenido"]
[Result "1-0"]
[Board "83"]
[TimeControl "180+1"]
[WhiteFideId "14112191"]
[BlackFideId "6402801"]
[WhiteElo "2482"]
[BlackElo "2069"]
[WhiteTeam "UKR"]
[BlackTeam "DOM"]
[WhiteClock "0:01:15"]
[BlackClock "0:00:00"]

1. c3 d5 2. d4 e6 3. Bf4 c5 4. e3 Bd6 5. Bxd6 Qxd6 6. f4 Nf6 7. Nf3 O-O 8. Bd3 b6 9. Qe2 a5 10. Na3 Ba6 11. Nb5 Bxb5 12. Bxb5 Ne4 13. O-O f5 14. Ne5 a4 15. a3 Ra5 16. Bd3 Nd7 17. Bxe4 fxe4 18. Nxd7 Qxd7 19. Rad1 c4 20. Rd2 Ra7 21. g4 Qf7 22. h3 Qg6 23. Qh2 Raf7 24. Rg2 h6 25. h4 h5 26. gxh5 Qxh5 27. Rg5 Qh7 28. Kh1 Rf6 29. Rfg1 R8f7 30. R1g4 Rh6 31. Qg3 Kf8 32. Kg2 b5 33. Kh3 Rh5 34. Re5 Rxe5 35. dxe5 Qf5 36. Kg2 Qh5 37. Kf2 Kg8 38. Ke1 Kf8 39. Rg5 Qh6 40. h5 Qh7 41. Qg4 Qh6 42. Rg6 Qh7 43. Rxe6 Qf5 44. Rg6 Qxg4 45. Rxg4 Rf5 46. Rh4 Kf7 47. Kf2 Kg8 48. Kg3 Kh7 49. Kg4 Rf7 50. f5 Re7 51. e6 Kh6 52. Kf4 Kh7 53. Ke5 Kg8 54. Kxd5 Rb7 55. Kxe4 Kf8 56. h6 gxh6 57. Rxh6 Rg7 58. f6 Rg8 59. Rh7 Rg4+ 60. Kf5 1-0

[Event "November 21 Late 2023"]
[Site "https://www.chess.com"]
[Date "2023.11.21"]
[Round "6"]
[White "zano2023"]
[Black "Demchenko, Anton"]
[Result "0-1"]
[Board "84"]
[TimeControl "180+1"]
[BlackFideId "4160258"]
[WhiteElo "2218"]
[BlackElo "2545"]
[BlackTeam "SLO"]
[WhiteClock "0:00:15"]
[BlackClock "0:00:06"]

1. d4 Nf6 2. Nd2 d5 3. Ngf3 Bf5 4. e3 e6 5. c4 c6 6. Qb3 Qb6 7. c5 Qc7 8. Bd3 Nbd7 9. Bxf5 exf5 10. Qc2 g6 11. a3 a5 12. b3 Bg7 13. Bb2 O-O 14. O-O Ne4 15. b4 Ra7 16. Nb3 a4 17. Nc1 b6 18. Nd3 bxc5 19. dxc5 Bxb2 20. Qxb2 Rb8 21. Qd4 Nf8 22. Qe5 Qb7 23. Qb2 Ne6 24. Rac1 h5 25. Nd4 Nxd4 26. exd4 Qb5 27. Qc2 Kg7 28. f3 Ng5 29. Nf4 Re7 30. Rce1 Rbe8 31. Qd2 Ne6 32. Ne2 Nxc5 33. Nc3 Nb3 34. Qd1 Qc4 35. Rxe7 Rxe7 36. Nxa4 Nxd4 37. Re1 Ne2+ 38. Kh1 d4 39. Nc5 Nc3 40. Qd2 Rxe1+ 41. Qxe1 Qd5 42. Qd2 h4 43. Nd3 h3 44. Qf4 hxg2+ 45. Kxg2 Nb5 46. Qe5+ Qxe5 47. Nxe5 Nxa3 48. Nxc6 d3 49. Kf2 Nc4 50. Ke1 Kf6 51. b5 Ke6 52. Nb4 d2+ 53. Ke2 Ke5 54. Nd3+ Kd4 55. b6 Nxb6 56. Kxd2 Nc4+ 57. Ke2 Nd6 58. Nf4 Ke5 59. Nd3+ Kf6 60. Nf4 Nc4 61. Kf2 Ne5 62. Nd5+ Kg7 63. Nf4 Nd7 64. Nd5 Nf6 65. Nf4 Ne8 66. Nd5 Kf8 67. Ne3 Ke7 68. f4 Ke6 69. Kf3 Nf6 70. Nc4 Ne4 71. Ne5 Nd2+ 72. Ke3 Nf1+ 73. Kf2 Nxh2 74. Kg2 Ng4 75. Kg1 Nxe5 0-1

[Event "November 21 Late 2023"]
[Site "https://www.chess.com"]
[Date "2023.11.21"]
[Round "6"]
[White "Marcziter, Dmitrii"]
[Black "Janaszak, Dawid"]
[Result "0-1"]
[Board "85"]
[TimeControl "180+1"]
[WhiteFideId "13900765"]
[BlackFideId "1119206"]
[WhiteElo "2142"]
[BlackElo "2218"]
[WhiteTeam "GER"]
[BlackTeam "POL"]
[WhiteClock "0:00:03"]
[BlackClock "0:01:10"]

1. d4 b5 2. c3 Bb7 3. Bf4 f5 4. Nf3 Nf6 5. e3 e6 6. Bxb5 Bd6 7. Bxd6 cxd6 8. Bd3 O-O 9. Nbd2 Ne4 10. Qc2 d5 11. O-O d6 12. Ne1 Qg5 13. f4 Qh5 14. Nef3 Nd7 15. Qd1 Ndf6 16. Bxe4 dxe4 17. Ng5 Qe8 18. Qb3 Bd5 19. c4 Bc6 20. Qa3 h6 21. Nh3 Qe7 22. b4 Ng4 23. Nf2 Nf6 24. b5 Bb7 25. Qb4 Rfd8 26. a4 a6 27. a5 Qf7 28. Nb3 g5 29. g3 gxf4 30. gxf4 Kh7 31. Kh1 Qh5 32. Nd1 Rg8 33. Qd2 Rg4 34. Nc3 Rag8 35. Rf2 Qh3 36. Qe2 Nh5 37. Qe1 Ng3+ 38. Kg1 Ne2+ 39. Kh1 Rg2 40. Qxe2 Qxh2# 0-1

[Event "November 21 Late 2023"]
[Site "https://www.chess.com"]
[Date "2023.11.21"]
[Round "6"]
[White "Bochnicka, Vladimir"]
[Black "WindWhistler11"]
[Result "0-1"]
[Board "86"]
[TimeControl "180+1"]
[WhiteFideId "14943450"]
[WhiteElo "2170"]
[BlackElo "2554"]
[WhiteTeam "SVK"]
[WhiteClock "0:00:10"]
[BlackClock "0:00:54"]

1. e4 e6 2. d4 d5 3. e5 c5 4. c3 Nc6 5. Nf3 Bd7 6. Bd3 cxd4 7. O-O Qb6 8. Re1 Nge7 9. h4 Nf5 10. Bxf5 exf5 11. cxd4 Be6 12. Nc3 Be7 13. a3 Na5 14. b4 Nc4 15. Bg5 Bf8 16. Na4 Qc6 17. Nc5 h6 18. Bf4 Be7 19. Nd2 O-O 20. h5 b6 21. Nd3 Rac8 22. Rc1 Qb5 23. Qf3 Nxa3 24. Qg3 Kh8 25. Rxc8 Rxc8 26. Ra1 Rc3 27. Bxh6 gxh6 28. Qf4 Bg5 0-1

[Event "November 21 Late 2023"]
[Site "https://www.chess.com"]
[Date "2023.11.21"]
[Round "6"]
[White "Ozates, Tuna"]
[Black "Pace, Christopher"]
[Result "1-0"]
[Board "87"]
[TimeControl "180+1"]
[WhiteFideId "6354521"]
[BlackFideId "2610167"]
[WhiteElo "2151"]
[BlackElo "2424"]
[WhiteTeam "TUR"]
[BlackTeam "CAN"]
[WhiteClock "0:01:53"]
[BlackClock "0:01:44"]

1. e4 e6 2. d4 d5 3. Nd2 Nf6 4. e5 Nfd7 5. Bd3 c5 6. c3 Nc6 7. Ne2 Be7 8. f4 O-O 9. O-O f5 10. exf6 Nxf6 11. Nf3 cxd4 12. Nexd4 Bd6 13. Re1 Re8 14. Ne5 Qc7 15. Nb5 Qb6+ 16. Be3 Bc5 17. Bxc5 Qxc5+ 18. Kh1 a6 19. Nc7 Nxe5 20. Nxe8 Nxd3 21. Nxf6+ gxf6 22. Qxd3 1-0

[Event "November 21 Late 2023"]
[Site "https://www.chess.com"]
[Date "2023.11.21"]
[Round "6"]
[White "Shapiro, Viktor"]
[Black "Arnold, Ken"]
[Result "1-0"]
[Board "88"]
[TimeControl "180+1"]
[WhiteFideId "4175700"]
[BlackFideId "2056836"]
[WhiteElo "2084"]
[BlackElo "2423"]
[WhiteTeam "RUS"]
[BlackTeam "USA"]
[WhiteClock "0:00:58"]
[BlackClock "0:00:19"]

1. c4 Nf6 2. Nc3 e6 3. g3 d5 4. Bg2 c6 5. Nf3 Nbd7 6. O-O Be7 7. d3 O-O 8. e4 dxc4 9. dxc4 b6 10. Qe2 e5 11. Nh4 Qc7 12. Nf5 Bb4 13. Bd2 Re8 14. a3 Bf8 15. b4 a5 16. b5 Bb7 17. bxc6 Bxc6 18. Nd5 Bxd5 19. cxd5 g6 20. Rfc1 Nc5 21. Ne3 Qd7 22. Nc4 Rab8 23. Rab1 a4 24. Nxb6 Rxb6 25. Rxb6 Nb3 26. Rcc6 Nd4 27. Qa6 Nxc6 28. Rxc6 Nh5 29. Qxa4 Qb7 30. Bb4 Ra8 31. Rb6 Qc8 32. Qc6 Bxb4 33. Qxc8+ Rxc8 34. Rxb4 Rc1+ 35. Bf1 Nf6 36. Kg2 Ra1 37. a4 Kf8 38. Bb5 Ra2 39. h3 h5 40. Rc4 Ke7 41. Rc7+ Kd6 42. Rxf7 Nxe4 43. Bc6 h4 44. gxh4 Nc5 45. Rf6+ Ke7 46. Rxg6 Nxa4 47. Re6+ Kf7 48. Rxe5 Nc3 49. d6 Rd2 50. d7 Nd1 51. Re8 Rxf2+ 52. Kg3 Rd2 53. d8=Q 1-0

[Event "November 21 Late 2023"]
[Site "https://www.chess.com"]
[Date "2023.11.21"]
[Round "6"]
[White "UK_23"]
[Black "Ferreira, Vitor Hugo Vieira"]
[Result "0-1"]
[Board "89"]
[TimeControl "180+1"]
[BlackFideId "2119765"]
[WhiteElo "2421"]
[BlackElo "2123"]
[BlackTeam "BRA"]
[WhiteClock "0:02:32"]
[BlackClock "0:02:14"]

1. e4 c5 2. Nf3 d6 3. d4 cxd4 4. Qxd4 Nc6 5. Qe3 g6 6. Be2 Bg7 7. O-O Nf6 8. h3 O-O 9. Rd1 Qc7 10. c4 b6 11. Nc3 Bb7 12. Rb1 Rac8 13. b3 Rfe8 14. Bb2 Ne5 15. Nxe5 dxe5 16. Rbc1 a6 17. Nd5 Nxd5 18. cxd5 Qd6 19. Rxc8 Rxc8 20. Rc1 Rxc1+ 21. Qxc1 e6 22. Ba3 Qd7 23. d6 Bf8 24. Qc7 Qxc7 25. dxc7 Bxa3 0-1

[Event "November 21 Late 2023"]
[Site "https://www.chess.com"]
[Date "2023.11.21"]
[Round "6"]
[White "Tifferet, Shaked"]
[Black "Batsiashvili, Nino"]
[Result "0-1"]
[Board "90"]
[TimeControl "180+1"]
[WhiteFideId "2811529"]
[BlackFideId "13602993"]
[WhiteElo "2142"]
[BlackElo "2233"]
[WhiteTeam "ISR"]
[BlackTeam "GEO"]
[WhiteClock "0:00:01"]
[BlackClock "0:00:51"]

1. e4 e5 2. Nf3 Nc6 3. Nc3 Nf6 4. Be2 d6 5. d4 Be7 6. O-O O-O 7. h3 exd4 8. Nxd4 Bd7 9. Bf4 Re8 10. Nb3 Bf8 11. Bd3 Ne5 12. Re1 Nxd3 13. Qxd3 Bc6 14. f3 g6 15. Rad1 Bg7 16. Nd4 Qd7 17. Nxc6 Qxc6 18. Bh2 Qb6+ 19. Kh1 Qxb2 20. Rb1 Qa3 21. Rxb7 Qc5 22. Reb1 Qc6 23. Ne2 Nd7 24. Qb5 Qxc2 25. Rc1 Qxa2 26. Rcxc7 Nc5 27. Nc1 Qc2 28. Nb3 Qd1+ 29. Bg1 Nxb7 30. Qxb7 Rab8 31. Qxa7 Qxb3 32. Kh2 Be5+ 0-1

[Event "November 21 Late 2023"]
[Site "https://www.chess.com"]
[Date "2023.11.21"]
[Round "6"]
[White "Goltseva, Ekaterina"]
[Black "Su, Dion"]
[Result "1-0"]
[Board "91"]
[TimeControl "180+1"]
[WhiteFideId "24173770"]
[BlackFideId "2029731"]
[WhiteElo "2139"]
[BlackElo "2400"]
[WhiteTeam "RUS"]
[BlackTeam "USA"]
[WhiteClock "0:01:08"]
[BlackClock "0:01:54"]

1. c4 e6 2. Nc3 d5 3. e3 Nf6 4. Nf3 Be7 5. b3 O-O 6. Bb2 c6 7. d4 a5 8. Bd3 b6 9. O-O Nbd7 10. Qe2 Bb7 11. Rfd1 dxc4 12. bxc4 Qc7 13. e4 e5 14. Nxe5 Nxe5 15. dxe5 Nd7 16. e6 fxe6 17. Qg4 Ne5 18. Qxe6+ Kh8 19. Nd5 Nf3+ 20. gxf3 cxd5 21. exd5 Bd6 22. Qh6 Bxh2+ 23. Kg2 Kg8 1-0

[Event "November 21 Late 2023"]
[Site "https://www.chess.com"]
[Date "2023.11.21"]
[Round "6"]
[White "RodokininEV"]
[Black "Rios Escobar, Adan"]
[Result "1/2-1/2"]
[Board "92"]
[TimeControl "180+1"]
[BlackFideId "3403645"]
[WhiteElo "2510"]
[BlackElo "2399"]
[BlackTeam "CHI"]
[WhiteClock "0:00:36"]
[BlackClock "0:00:06"]

1. d4 Nf6 2. c4 g6 3. Nc3 d5 4. Nf3 Bg7 5. Qb3 dxc4 6. Qxc4 O-O 7. e4 Nc6 8. Be2 e5 9. d5 Nd4 10. Nxd4 exd4 11. Qxd4 c6 12. Qd1 Re8 13. O-O Nxe4 14. Nxe4 Rxe4 15. Bf3 Re8 16. dxc6 bxc6 17. Bxc6 Ba6 18. Bxe8 Bxf1 19. Bxf7+ Kxf7 20. Qxd8 Rxd8 21. Kxf1 Rd1+ 22. Ke2 Rh1 23. g3 Bh6 24. f4 Rxh2+ 25. Kf3 Bg7 26. Be3 Bxb2 27. Rb1 a5 28. Bf2 Bc3 29. Rb7+ Ke6 30. a4 Rh1 31. Rc7 Bb4 32. Kg4 Rh2 33. Bb6 Rg2 34. Rxh7 Be1 35. Rh3 Kd5 36. Kf3 Ra2 37. Rh6 Ra3+ 38. Ke2 Bxg3 39. Rxg6 Bxf4 40. Rg4 Rxa4 41. Kf3 Rb4 42. Bxa5 Rc4 43. Rxf4 Rxf4+ 44. Kxf4 1/2-1/2